 Dungeon Crawl Stone Soup version 0.24-a0-475-g5b41c6f (webtiles) character file.

Game seed: 17799481472774712136

45 Spazmo the Magician (level 3, 0/19 HPs)
             Began as a Deep Elf Fire Elementalist on July 5, 2019.
             Slain by a centaur (3 damage)
             ... on level 2 of the Dungeon.
             The game lasted 00:02:34 (1061 turns).

Spazmo the Magician (Deep Elf Fire Elementalist)    Turns: 1061, Time: 00:02:35

Health: 0/19       AC:  2    Str:  5    XL:     3   Next: 42%
Magic:  9/10       EV: 13    Int: 20    God:
Gold:   85         SH:  0    Dex: 15    Spells: 3/9 levels left

rFire    + + .     SeeInvis .   f - +0 dagger
rCold    x x .     Gourm    .   (no shield)
rNeg     . . .     Faith    .   a - +0 robe
rPois    .         Spirit   .   (no helmet)
rElec    .         Reflect  .   (no cloak)
rCorr    .         Harm     .   (no gloves)
MR       .....                  (no boots)
Stlth    ++........             (no amulet)
HPRegen  0.06/turn              i - ring of fire
MPRegen  0.12/turn              n - ring of fire

@: no status effects
A: no striking features
a: no special abilities


You were on level 2 of the Dungeon.
You were not hungry.

You visited 1 branch of the dungeon, and saw 2 of its levels.

You collected 85 gold pieces.

Inventory:

Hand Weapons
 f - a +0 dagger (weapon)
Missiles
 g - 133 stones (quivered)
Armour
 a - a +0 robe (worn)
Jewellery
 i - a ring of fire (left hand)
 n - a ring of fire (right hand)
Scrolls
 b - 2 scrolls of random uselessness {unknown}
 d - a scroll of teleportation {unknown}
 e - a scroll of fog {unknown}
 h - a scroll of magic mapping {unknown}
 k - a scroll of immolation {unknown}
 o - a scroll of enchant weapon {unknown}
 q - a scroll of identify {unknown}
Potions
 j - 3 potions of heal wounds
 l - a potion of flight {unknown}
 m - a potion of invisibility
Comestibles
 c - 3 rations
 p - a chunk of flesh


   Skills:
 - Level 2.4 Dodging
 - Level 2.4 Stealth
 + Level 3.9 Spellcasting
 + Level 2.3 Conjurations
 + Level 3.9 Fire Magic


You had 3 spell levels left.
You knew the following spells:

 Your Spells              Type           Power        Failure   Level  Hunger
a - Flame Tongue          Conj/Fire      #####        3%          1    None
b - Throw Flame           Conj/Fire      #####.       5%          2    ##.....
c - Conjure Flame         Conj/Fire      #####...     11%         3    ###....

Your spell library contained the following spells:

 Spells                   Type           Power        Failure   Level  Hunger
 Inner Flame              Hex/Fire       ####....     17%         3    ###....
 Sticky Flame             Conj/Fire      #####...     34%         4    ####...
 Fireball                 Conj/Fire      #####.....   69%         5    ######.


Dungeon Overview and Level Annotations

Branches:
Dungeon (2/15)

Altars:


Message History

The centaur shouts!
You hear a shout!
The centaur wields a +0 shortbow.
The centaur shoots an arrow.
The arrow hits you!
Ouch! That really hurt!
* * * LOW HITPOINT WARNING * * *
You see here an arrow.
The centaur unwields a +0 shortbow.
The centaur closely misses you.
Casting: Flame Tongue (safe; 3% risk of failure)
Confirm with . or Enter, or press ? or * to list all spells.
You don't know that spell.
Unknown command.
Casting: Flame Tongue (safe; 3% risk of failure)
Confirm with . or Enter, or press ? or * to list all spells.
Aiming: Flame Tongue (safe; 3% risk of failure)
Press: ? - help, Shift-Dir - straight line, f - centaur
Aim: a centaur You feel a strong surge of power!
The flame tongue hits the centaur.
The centaur is lightly wounded.
The centaur hits you.
You die...

#...####..#.## .
..# #.###.# #.#
#..#.## #.#
##.#.## #.###)#.##
##.##.###.########
#>...## ##........
#.(##.###.#.#.####
#.@###.#.##.# #.c#
##.....# #..#
####### #..# ....
###?# # #.# #. #.#
##.# ###...


You could see a centaur.

Vanquished Creatures
  An adder (D:2)
  3 dart slugs (D:1)
  4 goblins (D:1)
  3 hobgoblins (D:1)
  7 jackals (D:1)
  3 kobolds
  4 bats
  A frilled lizard (D:1)
  A rat (D:2)
27 creatures vanquished.

Notes
Turn   | Place    | Note
-------+----------+-------------------------------------------
     0 | D:1      | Spazmo the Deep Elf Fire Elementalist began the quest for
                  | the Orb.
     0 | D:1      | Reached XP level 1. HP: 10/10 MP: 6/6
   247 | D:1      | Reached XP level 2. HP: 15/15 MP: 6/8
   260 | D:1      | Learned a level 2 spell: Throw Flame
   625 | D:1      | Reached XP level 3. HP: 19/19 MP: 5/10
   635 | D:1      | Learned a level 3 spell: Conjure Flame
  1058 | D:2      | Noticed a centaur
  1061 | D:2      | Slain by a centaur

Levels and vault maps discovered:
D:1:      beargit_arrival_greenhouse, layout_basic, minivault_14,
          lemuel_another_geyser
D:2:      layout_loops_ring, hangedman_glass_teeth, uniq_terence

Skill      XL: |  1  2 |
---------------+-------+-----
Conjurations   | 2 |  2.3
Dodging        | |  2.4
Stealth        | |  2.4
Spellcasting   | |  3.9
Fire Magic     | |  3.9

Action                   || total
-------------------------++-------
 Cast: Flame Tongue      ||    43
  Use: Potion            ||     2
Dodge: Dodged            ||    17

Table legend:
 A = Non-vault XP
 B = Vault XP
 C = Vault XP percentage of total XP
 D = Non-vault monster count
 E = Vault monster count
 F = Vault count percentage of total count
                 A         B        C        D         E       F
            +---------+---------+-------+---------+---------+-------
      Total |      65 |       0 |   0.0 |      27 |       0 |   0.0
            +---------+---------+-------+---------+---------+-------
        D:1 |      49 |       0 |   0.0 |      23 |       0 |   0.0
        D:2 |      16 |       0 |   0.0 |       4 |       0 |   0.0
            +---------+---------+-------+---------+---------+-------
